| TOP OF THE 1ST |
|
New York Mets batting - Pitching for New York Yankees : RHP Bret Davies
|
|
Pitching: RHP Bret Davies
|
|
|
Batting: LHB Kevin Bellman
|
0-0: Ball 1-0: Called Strike 1-1: Ball 2-1: Ball 3-1: Base on Balls
|
|
Batting: RHB Josh Jones
|
0-0: Ball 1-0: Ball 2-0: Foul Ball, location: 2F 2-1: Ground out 6-3 (Groundball, 6, EV 105.0 MPH) Kevin Bellman to second
|
|
Batting: SHB Sean Cook
|
0-0: Foul Ball, location: 2F 0-1: Ball 1-1: Foul Ball, location: 2F 1-2: Foul Ball, location: 2F 1-2: Ball 2-2: Ball 3-2: Fly out, F9 (Line Drive, 9, EV 85.6 MPH)
|
|
Batting: RHB Jeff Jank
|
0-0: Called Strike 0-1: Foul Ball, location: 2F 0-2: Foul Ball, location: 2F 0-2: Fly out, F1 (Popup, 15, EV 90.6 MPH)
|
| Top of the 1st over - 0 runs, 0 hits, 0 errors, 1 left on base; New York 0 - New York 0 |
| BOTTOM OF THE 1ST |
|
New York Yankees batting - Pitching for New York Mets : RHP David Anzaldua
|
|
Pitching: RHP David Anzaldua
|
|
|
Batting: RHB Russ Shambaugh
|
0-0: Ball 1-0: Bunt for hit to 25 - play at first, batter safe!
|
|
Batting: RHB Jeckel Hester
|
0-0: Called Strike 0-1: Foul Ball, location: 2F 0-2: Strikes out looking
|
|
Batting: SHB Bartholomeu Chambino
|
0-0: Ball 1-0: Ball Russ Shambaugh is caught stealing 2nd base 2-6 2-0: Ball 3-0: Called Strike 3-1: Base on Balls
|
|
Batting: SHB Gus Berry
|
0-0: Called Strike 0-1: Ball 1-1: Foul Ball, location: 2F 1-2: Ball 2-2: Ball 3-2: Foul Ball, location: 2F 3-2: Fly out, F7 (Flyball, 78D, EV 105.6 MPH)
|
| Bottom of the 1st over - 0 runs, 1 hit, 0 errors, 1 left on base; New York 0 - New York 0 |
| TOP OF THE 2ND |
|
New York Mets batting - Pitching for New York Yankees : RHP Bret Davies
|
|
Batting: LHB Chris Ringwood
|
0-0: Ball 1-0: Ball 2-0: Called Strike 2-1: Foul Ball, location: 2F 2-2: Foul Ball, location: 2F 2-2: Strikes out swinging
|
|
Batting: RHB Drtian Thaqi
|
0-0: Called Strike 0-1: Swinging Strike 0-2: Ground out 5-3 (Groundball, 5, EV 87.5 MPH)
|
|
Batting: SHB Jason Larson
|
0-0: Ball 1-0: Swinging Strike 1-1: Called Strike 1-2: Strikes out swinging
|
| Top of the 2nd over - 0 runs, 0 hits, 0 errors, 0 left on base; New York 0 - New York 0 |
| BOTTOM OF THE 2ND |
|
New York Yankees batting - Pitching for New York Mets : RHP David Anzaldua
|
|
Batting: RHB Adriaan Pieters
|
0-0: Ball 1-0: Fly out, F7 (Flyball, 7D, EV 92.5 MPH)
|
|
Batting: RHB Shiro Suehiro
|
0-0: Ball 1-0: SINGLE (Line Drive, 6D, EV 97.5 MPH)
|
|
Batting: RHB Larry Martell
|
0-0: Ball 1-0: Ball 2-0: Called Strike 2-1: Foul Ball, location: 2F 2-2: Fly out, F9 (Flyball, 89D, EV 93.1 MPH)
|
|
Batting: RHB Geni Prawiranega
|
0-0: Ball 1-0: Ball 2-0: Ball 3-0: Called Strike 3-1: SINGLE (Groundball, 25, EV 70.0 MPH) (infield hit) Shiro Suehiro to second
|
|
Batting: RHB Ryan Neal
|
0-0: Ball 1-0: Foul Ball, location: 2F 1-1: Ball 2-1: Ball 3-1: Called Strike 3-2: SINGLE (Line Drive, 89S, EV 101.2 MPH) Shiro Suehiro to third Geni Prawiranega to second Shiro Suehiro scores Geni Prawiranega to third
|
|
Batting: RHB Russ Shambaugh
|
0-0: Ball 1-0: Called Strike 1-1: Ball 2-1: Ball 3-1: Fielders Choice at 2nd, 5-4 (Groundball, 5, EV 86.2 MPH)
|
| Bottom of the 2nd over - 1 run, 3 hits, 0 errors, 2 left on base; New York 0 - New York 1 |
| TOP OF THE 3RD |
|
New York Mets batting - Pitching for New York Yankees : RHP Bret Davies
|
|
Batting: RHB Finn Ross
|
0-0: Ground out 6-3 (Groundball, 4MS, EV 74.4 MPH)
|
|
Batting: LHB Fabiano Perrolas
|
0-0: Ball 1-0: Foul Ball, location: 2F 1-1: SINGLE (Groundball, 56D, EV 99.4 MPH)
|
|
Batting: LHB Kevin Bellman
|
0-0: Ball 1-0: Swinging Strike 1-1: Foul Ball, location: 2F 1-2: Ball 2-2: Strikes out swinging
|
|
Batting: RHB Josh Jones
|
0-0: Ball 1-0: Called Strike 1-1: Ball 2-1: Foul Ball, location: 2F 2-2: Foul Ball, location: 2F 2-2: Ball 3-2: Foul Ball, location: 2F 3-2: Foul Ball, location: 2F 3-2: Foul Ball, location: 2F 3-2: SINGLE (Groundball, 56S, EV 66.2 MPH) (infield hit) Fabiano Perrolas to second
|
|
Batting: SHB Sean Cook
|
0-0: Foul Ball, location: 2F 0-1: Called Strike 0-2: Fielders Choice at 2nd, 5-4 (Groundball, 5L, EV 96.2 MPH)
|
| Top of the 3rd over - 0 runs, 2 hits, 0 errors, 2 left on base; New York 0 - New York 1 |
| BOTTOM OF THE 3RD |
|
New York Yankees batting - Pitching for New York Mets : RHP David Anzaldua
|
|
Batting: RHB Jeckel Hester
|
0-0: Ball 1-0: Ball 2-0: Fly out, F4 (Popup, 34, EV 69.4 MPH)
|
|
Batting: SHB Bartholomeu Chambino
|
0-0: Ball 1-0: Foul Ball, location: 2F 1-1: Swinging Strike 1-2: Ball 2-2: Ball 3-2: SINGLE (Line Drive, 34D, EV 103.8 MPH)
|
|
Batting: SHB Gus Berry
|
0-0: Called Strike 0-1: SINGLE (Groundball, 56D, EV 108.1 MPH) Bartholomeu Chambino to second
|
|
Batting: RHB Adriaan Pieters
|
0-0: Called Strike 0-1: Swinging Strike 0-2: Strikes out swinging
|
|
Batting: RHB Shiro Suehiro
|
0-0: Ball 1-0: Ball 2-0: Ball 3-0: Base on Balls Bartholomeu Chambino to third Gus Berry to second
|
|
Batting: RHB Larry Martell
|
0-0: Foul Ball, location: 2F 0-1: GRAND SLAM HOME RUN (Flyball, 78XD, EV 107.5 MPH), Distance : 410 ft
|
|
Pitching: RHP Ben Dicks
|
|
|
Batting: RHB Geni Prawiranega
|
0-0: Foul Ball, location: 2F 0-1: Called Strike 0-2: Ball 1-2: Ground out 4-3 (Groundball, 4M, EV 105.0 MPH)
|
| Bottom of the 3rd over - 4 runs, 3 hits, 0 errors, 0 left on base; New York 0 - New York 5 |
| TOP OF THE 4TH |
|
New York Mets batting - Pitching for New York Yankees : RHP Bret Davies
|
|
Batting: RHB Jeff Jank
|
0-0: Ball 1-0: Ball 2-0: Ball 3-0: Called Strike 3-1: Base on Balls
|
|
Batting: LHB Chris Ringwood
|
0-0: Called Strike Jeff Jank is caught stealing 2nd base 2-6 0-1: Ball 1-1: Called Strike 1-2: Strikes out swinging
|
|
Batting: RHB Drtian Thaqi
|
0-0: TRIPLE (Flyball, 7LD, EV 98.1 MPH)
|
|
Batting: SHB Jason Larson
|
0-0: Called Strike 0-1: Fly out, F9 (Flyball, 9S, EV 85.0 MPH)
|
| Top of the 4th over - 0 runs, 1 hit, 0 errors, 1 left on base; New York 0 - New York 5 |
| BOTTOM OF THE 4TH |
|
New York Yankees batting - Pitching for New York Mets : RHP Ben Dicks
|
|
Batting: RHB Ryan Neal
|
0-0: Called Strike 0-1: Ball 1-1: Fly out, F8 (Flyball, 8RM, EV 85.6 MPH)
|
|
Batting: RHB Russ Shambaugh
|
0-0: Ball 1-0: Fly out, F9 (Flyball, 9, EV 82.5 MPH)
|
|
Batting: RHB Jeckel Hester
|
0-0: Foul Ball, location: 2F 0-1: Ground out 4-3 (Groundball, 34, EV 101.2 MPH)
|
| Bottom of the 4th over - 0 runs, 0 hits, 0 errors, 0 left on base; New York 0 - New York 5 |
| TOP OF THE 5TH |
|
New York Mets batting - Pitching for New York Yankees : RHP Bret Davies
|
|
Batting: RHB Finn Ross
|
0-0: Ball 1-0: Ball 2-0: Ball 3-0: Called Strike 3-1: Foul Ball, location: 2F 3-2: DOUBLE (Flyball, 8LXD, EV 97.5 MPH)
|
|
Batting: LHB Fabiano Perrolas
|
0-0: Ground out 6-3 (Groundball, 6, EV 102.5 MPH)
|
|
Batting: LHB Kevin Bellman
|
0-0: Called Strike 0-1: Foul Ball, location: 2F 0-2: Ball 1-2: Foul Ball, location: 2F 1-2: Ball 2-2: 2-RUN HOME RUN (Flyball, 89XD, EV 107.5 MPH), Distance : 409 ft
|
|
Pitching: RHP Chris McCoy
|
|
|
Batting: RHB Josh Jones
|
0-0: Called Strike 0-1: Foul Ball, location: 2F 0-2: Foul Ball, location: 2F 0-2: Strikes out looking
|
|
Batting: SHB Sean Cook
|
0-0: Ball 1-0: Called Strike 1-1: Swinging Strike 1-2: Foul Ball, location: 2F 1-2: Strikes out swinging
|
| Top of the 5th over - 2 runs, 2 hits, 0 errors, 0 left on base; New York 2 - New York 5 |
| BOTTOM OF THE 5TH |
|
New York Yankees batting - Pitching for New York Mets : RHP Ben Dicks
|
|
Batting: SHB Bartholomeu Chambino
|
0-0: Called Strike 0-1: Ball 1-1: Called Strike 1-2: Foul Ball, location: 2F 1-2: Ball 2-2: Strikes out looking
|
|
Batting: SHB Gus Berry
|
0-0: Called Strike 0-1: Ball 1-1: Ball 2-1: Called Strike 2-2: Ball 3-2: Foul Ball, location: 2F 3-2: DOUBLE (Flyball, 8LXD, EV 103.1 MPH)
|
|
Batting: RHB Adriaan Pieters
|
0-0: Ball 1-0: Ball 2-0: Ball 3-0: Ground out U3 (Groundball, 34, EV 101.2 MPH) Gus Berry to third
|
|
Batting: RHB Shiro Suehiro
|
0-0: Called Strike 0-1: Ball 1-1: Ball 2-1: Ball 3-1: Called Strike 3-2: Strikes out swinging
|
| Bottom of the 5th over - 0 runs, 1 hit, 0 errors, 1 left on base; New York 2 - New York 5 |
| TOP OF THE 6TH |
|
New York Mets batting - Pitching for New York Yankees : RHP Chris McCoy
|
|
Batting: RHB Jeff Jank
|
0-0: Ball 1-0: Ball 2-0: Fly out, F9 (Flyball, 9D, EV 101.9 MPH)
|
|
Batting: LHB Chris Ringwood
|
0-0: Ball 1-0: Ball 2-0: Called Strike 2-1: Foul Ball, location: 2F 2-2: Foul Ball, location: 2F 2-2: Strikes out swinging
|
|
Batting: RHB Drtian Thaqi
|
0-0: Foul Ball, location: 2F 0-1: Foul Ball, location: 2F 0-2: Fly out, F4 (Popup, 4S, EV 83.8 MPH)
|
| Top of the 6th over - 0 runs, 0 hits, 0 errors, 0 left on base; New York 2 - New York 5 |
| BOTTOM OF THE 6TH |
|
New York Yankees batting - Pitching for New York Mets : RHP Ben Dicks
|
|
Batting: RHB Larry Martell
|
0-0: Called Strike 0-1: Ground out 6-3 (Groundball, 6, EV 88.1 MPH)
|
|
Batting: RHB Geni Prawiranega
|
0-0: Fly out, F7 (Flyball, 7, EV 75.0 MPH)
|
|
Batting: RHB Ryan Neal
|
0-0: Ball 1-0: Ball 2-0: Ground out 6-3 (Groundball, 6, EV 100.0 MPH)
|
| Bottom of the 6th over - 0 runs, 0 hits, 0 errors, 0 left on base; New York 2 - New York 5 |
| TOP OF THE 7TH |
|
New York Mets batting - Pitching for New York Yankees : RHP Chris McCoy
|
|
Batting: SHB Jason Larson
|
0-0: Ball 1-0: Called Strike 1-1: Ball 2-1: Ball 3-1: Called Strike 3-2: Foul Ball, location: 2F 3-2: Base on Balls
|
|
Batting: RHB Finn Ross
|
0-0: Called Strike Jason Larson steals 2nd base 0-1: Ball 1-1: Ball 2-1: Foul Ball, location: 2F 2-2: Ball 3-2: Strikes out swinging
|
|
Batting: LHB Fabiano Perrolas
|
0-0: Called Strike Jason Larson steals 3rd base 0-1: Swinging Strike 0-2: SINGLE (Groundball, 4M, EV 98.1 MPH) (infield hit) Jason Larson scores
|
|
Batting: LHB Kevin Bellman
|
0-0: Called Strike 0-1: Ball 1-1: Ball 2-1: SINGLE (Groundball, 56D, EV 100.0 MPH) Fabiano Perrolas to second
|
|
Batting: RHB Josh Jones
|
0-0: Fly out, F9 (Flyball, 89M, EV 94.4 MPH)
|
|
Batting: SHB Sean Cook
|
0-0: Ball 1-0: Ground out 4-3 (Groundball, 4, EV 89.4 MPH)
|
| Top of the 7th over - 1 run, 2 hits, 0 errors, 2 left on base; New York 3 - New York 5 |
| BOTTOM OF THE 7TH |
|
New York Yankees batting - Pitching for New York Mets : RHP Ben Dicks
|
|
Pitching: LHP Ryan Price
|
|
|
Batting: RHB Russ Shambaugh
|
0-0: SINGLE (Groundball, 6MD, EV 105.0 MPH)
|
|
Batting: RHB Jeckel Hester
|
0-0: Ball 1-0: SINGLE (Groundball, 6MS, EV 72.5 MPH) (infield hit) Russ Shambaugh to second
|
|
Batting: SHB Bartholomeu Chambino
|
0-0: Foul Ball, location: 2F 0-1: Ball 1-1: Ball 2-1: SINGLE (Line Drive, 5D, EV 105.0 MPH) Russ Shambaugh to third Jeckel Hester to second
|
|
Batting: SHB Gus Berry
|
0-0: Ball 1-0: Called Strike 1-1: Ball 2-1: Called Strike 2-2: SINGLE (Groundball, 56D, EV 103.1 MPH) Russ Shambaugh scores Jeckel Hester to third Bartholomeu Chambino to second Runner from 3rd tries for Home, SAFE, throw by LF to home
|
|
Batting: RHB Adriaan Pieters
|
0-0: Foul Ball, location: 2F 0-1: Ball 1-1: Called Strike 1-2: Strikes out swinging
|
|
Batting: RHB Shiro Suehiro
|
0-0: Fielders Choice at 2nd, 3-6 (Groundball, 3S, EV 83.8 MPH) Bartholomeu Chambino to third
|
|
Batting: RHB Larry Martell
|
0-0: Foul Ball, location: 2F 0-1: Foul Ball, location: 2F 0-2: Strikes out swinging
|
| Bottom of the 7th over - 2 runs, 4 hits, 0 errors, 2 left on base; New York 3 - New York 7 |
| TOP OF THE 8TH |
|
New York Mets batting - Pitching for New York Yankees : RHP Chris McCoy
|
|
Pitching: RHP Isaias Chavez
|
|
|
Batting: RHB Jeff Jank
|
0-0: Called Strike 0-1: Foul Ball, location: 2F 0-2: Foul Ball, location: 2F 0-2: Foul Ball, location: 2F 0-2: Ground out 5-3 (Groundball, 5, EV 87.5 MPH)
|
|
Batting: LHB Chris Ringwood
|
0-0: Swinging Strike 0-1: Called Strike 0-2: Strikes out swinging
|
|
Batting: RHB Drtian Thaqi
|
0-0: Called Strike 0-1: Ball 1-1: Ground out 6-3 (Groundball, 6, EV 104.4 MPH)
|
| Top of the 8th over - 0 runs, 0 hits, 0 errors, 0 left on base; New York 3 - New York 7 |
| BOTTOM OF THE 8TH |
|
New York Yankees batting - Pitching for New York Mets : LHP Ryan Price
|
|
Pitching: RHP Thomas Clark
|
|
|
Batting: RHB Geni Prawiranega
|
0-0: Called Strike 0-1: Ball 1-1: Foul Ball, location: 2F 1-2: SINGLE (Line Drive, 6MD, EV 95.0 MPH)
|
|
Batting: RHB Ryan Neal
|
0-0: Ball 1-0: Ball 2-0: Sac Bunt to 5S - play at first, batter OUT! 5-3 Geni Prawiranega to second
|
|
Batting: RHB Russ Shambaugh
|
0-0: Ball 1-0: Ground out 1-3 (Groundball, 13, EV 67.5 MPH) Geni Prawiranega to third
|
|
Batting: RHB Jeckel Hester
|
0-0: Called Strike 0-1: Ball 1-1: Called Strike 1-2: Foul Ball, location: 2F 1-2: Ball 2-2: Ground out 1-3 (Groundball, 15S, EV 63.1 MPH)
|
| Bottom of the 8th over - 0 runs, 1 hit, 0 errors, 1 left on base; New York 3 - New York 7 |
| TOP OF THE 9TH |
|
New York Mets batting - Pitching for New York Yankees : RHP Isaias Chavez
|
|
Batting: SHB Jason Larson
|
0-0: Called Strike 0-1: Ball 1-1: Swinging Strike 1-2: Strikes out swinging
|
|
Batting: RHB Finn Ross
|
0-0: Ball 1-0: Ball 2-0: Foul Ball, location: 2F 2-1: Ball 3-1: Called Strike 3-2: Ground out U3 (Groundball, 34S, EV 86.9 MPH)
|
|
Batting: LHB Fabiano Perrolas
|
0-0: SINGLE (Groundball, 34, EV 98.1 MPH)
|
|
Batting: LHB Kevin Bellman
|
0-0: Ball 1-0: Ball 2-0: Foul Ball, location: 2F 2-1: Ground out 5-3 (Groundball, 56S, EV 86.9 MPH)
|
| Top of the 9th over - 0 runs, 1 hit, 0 errors, 1 left on base; New York 3 - New York 7 |
|